 Dungeon Crawl Stone Soup version 0.26-a0-376-g13fbb91ece (webtiles) character file.

Game seed: 10168285666243993404

29 Glokmah the Vexing (level 3, -4/20 HPs)
             Began as a Kobold Arcane Marksman on July 20, 2020.
             Slain by a goblin (6 damage)
             ... led by Robin
             ... on level 2 of the Dungeon.
             The game lasted 00:02:45 (1305 turns).

Glokmah the Vexing (Kobold Arcane Marksman)         Turns: 1305, Time: 00:02:45

Health: -4/20      AC:  4    Str:  7    XL:     3   Next: 32%
Magic:  3/5        EV: 15    Int: 14    God:
Gold:   129        SH:  0    Dex: 16    Spells: 2/5 levels left

rFire    . . .     SeeInvis .   a - +0 hand crossbow
rCold    . . .     Faith    .   (shield restricted)
rNeg     . . .     Spirit   .   n - +0 leather armour
rPois    .         Reflect  .   o - +0 helmet
rElec    .         Harm     .   (no cloak)
rCorr    .                      (no gloves)
MR       .....                  (no boots)
Stlth    +.........             (no amulet)
HPRegen  0.06/turn              (no ring)
MPRegen  0.09/turn              (no ring)

@: no status effects
A: small
a: no special abilities


You were on level 2 of the Dungeon.
You visited 1 branch of the dungeon, and saw 2 of its levels.

You collected 129 gold pieces.

Inventory:

Hand Weapons
 a - a +0 hand crossbow (weapon)
 b - a +0 dagger
Missiles
 d - 4 bolts (quivered)
 f - a throwing net
Armour
 n - a +0 leather armour (worn)
 o - a +0 helmet (worn)
Scrolls
 c - a scroll of random uselessness {unknown}
 e - a scroll of identify {unknown}
 g - 2 scrolls of magic mapping {unknown}
 h - a scroll of blinking {unknown}
 j - a scroll of fog {unknown}
 l - a scroll of noise {unknown}
 m - a scroll of amnesia {unknown}
 p - a scroll of enchant armour {unknown}
Potions
 i - a potion of haste {unknown}
 k - 2 potions of cancellation {unknown}
 q - a potion of curing {unknown}


   Skills:
 + Level 1.4 Fighting
 * Level 3.1 Crossbows
 + Level 2.7 Dodging
 + Level 1.5 Spellcasting
 * Level 3.3 Hexes


You had 2 spell levels left.
You knew the following spells:

 Your Spells              Type           Power        Failure   Level
a - Corona                Hex            ##.....      10%         1
b - Slow                  Hex            ##......     14%         2

Your spell library contained the following spells:

 Spells                   Type           Power        Failure   Level
 Inner Flame              Hex/Fire       #.......     50%         3
 Portal Projectile        Hex/Tloc       #.....       50%         3
 Cause Fear               Hex            ##........   67%         4
 Leda's Liquefaction      Hex/Erth       #.........   88%         4


Dungeon Overview and Level Annotations

Branches:
Dungeon (2/15)

Altars:

Annotations:
D:2 Robin


Message History

The bolt hits Robin.
Robin is almost dead.
You hear a shout!
Robin closely misses you. The goblin hits you but does no damage.
Robin stops glowing.
Robin throws the goblin at you! The goblin misses you.
The goblin barely misses you.
Really attack while wielding your +0 hand crossbow? [Y]es or [N]o only, please.
Really attack while wielding your +0 hand crossbow? [Y]es or [N]o only, please.
Really attack while wielding your +0 hand crossbow?
Okay, then.
The goblin hits you.
Robin roars a battlecry!
The goblins go into a battle-frenzy!
The goblin shouts!
The goblin hits you with a +0 club.
* * * LOW HITPOINT WARNING * * *
The goblin hits you.
You die...

#.# #.........#.# #.#
#....(.g...# ###.###
#########....gg..#.## ......#
#......##...........# ......#
#......###.#g(.(....# ......#
#......##............ ......#
#....†.##g....)#..... ......#
#......##gg....(.....
......###.......@gg..#.#..>..
.......##......###g....#.....
.......##>...#.###...#.# #..#
(......##....#..##.....# #.+
###+##..+.......###...... ##
# #.##.##...###.# ......(.
###.##..........# ........
[.#.#####...###.# .......
#.#.# <...#


You could see Robin, 3 hobgoblins and 6 goblins.

Vanquished Creatures
  A leopard gecko (D:1)
  A ball python (D:1)
  3 giant cockroaches
  2 goblins (D:1)
  4 hobgoblins
  7 kobolds
  4 bats
  A frilled lizard (D:2)
  3 rats (D:1)
26 creatures vanquished.

Notes
Turn   | Place    | Note
-------+----------+-------------------------------------------
     0 | D:1      | Glokmah the Kobold Arcane Marksman began the quest for the
                  | Orb.
     0 | D:1      | Reached XP level 1. HP: 12/12 MP: 2/2
    69 | D:1      | Reached XP level 2. HP: 16/16 MP: 1/3
   243 | D:1      | Learned a level 2 spell: Slow
   827 | D:1      | Reached XP level 3. HP: 17/20 MP: 5/5
  1151 | D:2      | Noticed Robin
  1305 | D:2      | Slain by a goblin

Illustrated notes

Levels and vault maps discovered:
D:1:      dpeg_arrival_tiny_c, layout_basic
D:2:      layout_basic, minmay_pentomino_r4, uniq_robin

Skill      XL: |  1  2 |
---------------+-------+-----
Crossbows      | 3 |  3.1
Fighting       | |  1.4
Dodging        | |  2.7
Spellcasting   | |  1.5
Hexes          | |  3.3

Action                   || total
-------------------------++-------
Melee: Dagger            ||    46
 Fire: Hand crossbow     ||    52
 Cast: Corona            ||     6
Armor: Robe              ||    10
       Leather armour    ||    10
Dodge: Dodged            ||    69

Table legend: (Time is in decaauts)
 A = Elapsed time spent in this place.
 B = Non-inter-level travel time spent in this place.
 C = Inter-level travel time spent in this place.
 D = Time resting spent in this place.
 E = Time spent auto-exploring this place.
 F = Levels seen in this place.
 G = Mean time per level.
                   A        B        C        D        E       F      G
               +--------+--------+--------+--------+--------+-----+--------+
         Total |   1323 |   1276 |     47 |    159 |    743 |   2 |  661.5 |
       Dungeon |   1323 |   1276 |     47 |    159 |    743 |   2 |  661.5 |
               +--------+--------+--------+--------+--------+-----+--------+
